 Dungeon Crawl Stone Soup version 0.25-a0-404-gc1b5a34292 (webtiles) character file.

Game seed: 12508085381049765099, levelgen mode: deterministic

35622 MisterFreud the Ripper (level 13, -6/91 HPs)
             Began as a Felid Berserker on Jan 11, 2020.
             Was the Champion of Trog.
             Mangled by an alligator (22 damage)
             ... on level 3 of the Swamp on Jan 12, 2020.
             The game lasted 01:02:40 (30933 turns).

MisterFreud the Ripper (Felid Berserker)           Turns: 30933, Time: 01:02:40

Health: -6/91      AC:  3    Str: 18    XL:     13   Next: 48%
Magic:  0/23       EV: 33    Int:  9    God:    Trog [******]
Gold:   630        SH:  0    Dex: 20    Spells: 12/12 levels left
                                        Lives:  0   Deaths: 4

rFire    . . .     SeeInvis +     - Unarmed
rCold    + + .     Gourm    .   (shield unavailable)
rNeg     . . .     Faith    .   (armour unavailable)
rPois    .         Spirit   +   (helmet unavailable)
rElec    .         Reflect  .   (cloak unavailable)
rCorr    +         Harm     .   (gloves unavailable)
MR       +....                  (boots unavailable)
Stlth    ..........             h - amulet of guardian spirit
HPRegen  0.25/turn              t - ring of resist corrosion
MPRegen  0.18/turn              l - ring of protection from cold

@: berserking, very quick
A: very small, no armour, no weapons or thrown items, stealth, claws 1, fangs 3,
see invisible, carnivore, speed 1, shaggy fur 3, slow metabolism 1, sharp paws
a: Berserk, Trog's Hand, Brothers in Arms, Renounce Religion


You were on level 3 of the Swamp.
You worshipped Trog.
Trog was exalted by your worship.
You were not hungry.

You visited 4 branches of the dungeon, and saw 26 of its levels.
You also visited: Gauntlet and Volcano.

You collected 2706 gold pieces.
You spent 2076 gold pieces at shops.

Inventory:

Jewellery
 b - an uncursed ring of flight
 h - an amulet of guardian spirit (around neck)
 l - a ring of protection from cold (right paw)
 t - a ring of resist corrosion (left paw)
 J - an uncursed ring of protection from fire {unknown}
Wands
 d - a wand of flame (51)
 g - a wand of random effects (31)
 s - a wand of polymorph (32)
 u - a wand of iceblast (17)
 w - a wand of digging (8)
 y - a wand of acid (24)
 F - a wand of scattershot (5)
 I - a wand of paralysis (8)
Scrolls
 c - 15 scrolls of teleportation
 f - 13 scrolls of remove curse
 i - 8 scrolls of magic mapping
 o - 5 scrolls of blinking
 v - a scroll of summoning
 B - 5 scrolls of fear
 C - a scroll of silence
 H - a scroll of holy word
 K - 2 scrolls of identify
 M - 2 scrolls of fog
Potions
 j - 6 potions of flight
 k - a potion of brilliance
 m - 4 potions of lignification
 n - 2 potions of degeneration
 p - 4 potions of curing
 q - 5 potions of invisibility
 r - 2 potions of agility
 x - 4 potions of mutation
 z - 3 potions of berserk rage
 D - 5 potions of heal wounds
 E - 2 potions of cancellation
 G - 2 potions of ambrosia
 L - 3 potions of haste
Miscellaneous
 e - a lightning rod (4/4)
 A - 3 phantom mirrors
 O - a sack of spiders
Comestibles
 a - 51 rations


   Skills:
 - Level 10.0 Fighting
 - Level 16.0 Dodging
 - Level 10.0 Stealth
 + Level 18.5 Unarmed Combat
 - Level 12.0 Evocations


You had 12 spell levels left.
You didn't know any spells.
Your spell library was empty.

Dungeon Overview and Level Annotations

Branches:
Dungeon (15/15)            Temple (0/1) D:5            Lair (6/6) D:11
  Swamp (3/4) Lair:2        Snake (0/4) Lair:2        Slime (0/5) Lair:5
    Orc (2/2) D:9             Elf (0/3) Orc:2        Vaults (0/5) D:14
Volcano (visited)         Gauntlet (visited)
 Depths: D:15

Altars:
Ashenzari
Dithmenos
Fedhas
Makhleb
Nemelex Xobeh
Okawaru
Trog
Vehumet
Yredelemnul
Beogh

Shops:
D:4 !   D:6 ?   Orc:1 [   Orc:2 *!?[}

Portals:
Pandemonium: Orc:2

Annotations:
Lair:5 exclusion: oklob plant


Innate Abilities, Weirdness & Mutations

You cannot wear armour.
You are incapable of wielding weapons or throwing items.
Your paws allow you to move quietly. (Stealth)
You have sharp claws.
You have razor-sharp teeth.
You have supernaturally acute eyesight. (SInv)
You are carnivorous and can eat meat at any time.
You cover ground quickly.
Your thick and shaggy fur keeps you warm. (AC +3, rC+)
You have a slow metabolism.
Your sharp claws are effective at attacking unaware monsters.


Message History

The seven-headed hydra is moderately wounded.
The seven-headed hydra misses you.
The seven-headed hydra completely misses you. x2
The seven-headed hydra misses you.
The seven-headed hydra completely misses you.
The seven-headed hydra barely misses you. x2
Unknown command.
Unknown command.
You mangle the seven-headed hydra!! You claw the seven-headed hydra!
The seven-headed hydra is severely wounded.
You mangle the seven-headed hydra!!
You kill the seven-headed hydra!
Trog accepts your kill.
You enter the shallow water.
Moving in this stuff is going to be slow.
You see here a hydra corpse.
Unknown command.
You feel a strong urge to attack something.
The alligator bites you!!
You die...

♣.≈≈≈≈≈≈..§≈≈≈≈.# ♣.
.♣♣♣♣♣$≈≈≈≈≈≈...≈≈≈≈.#......
>..≈≈≈.≈≈≈≈≈≈<..≈§...#...^..
≈≈.≈≈≈.≈≈≈≈≈≈...≈....#...≈..
≈≈.≈≈≈.≈≈≈≈≈≈≈.......#...≈..
≈≈≈≈≈≈.≈≈≈≈≈≈≈...♣♣♣.#......
≈≈≈≈≈.≈.≈≈≈≈≈≈..♣♣ ######
..≈...≈≈..t≈≈.♣♣♣ .
♣≈.≈≈.≈.≈†.@.♣♣
♣♣..≈.♣≈...≈≈≈♣
♣♣♣♣♣♣≈≈♣♣...≈♣ ♣♣♣♣♣♣≈..♣
♣§≈≈≈≈ ≈.≈≈≈≈≈ ≈..≈≈...
♣♣....♣♣


You could see an alligator.

Vanquished Creatures
  Rupert (D:15)
  Gastronok (Orc:1)
  Kirke (D:14)
  A thorn hunter (Swamp:1)
  An orc warlord (Orc:1)
  Erolcha (Orc:1)
  Fannar (D:10)
  2 ghost crabs
  A vault guard (D:14)
  10 hydras
  2 two-headed ogres (D:13)
  2 centaur warriors
  An alligator (Swamp:1)
  A death knight (D:14)
  5 death yaks
  5 orc high priests (Orc:2)
  Sonja (D:12)
  Nergalle (Orc:1)
  A spriggan druid (Swamp:2)
  3 swamp dragons
  7 orc knights
  3 orc sorcerers (Orc:2)
  2 ugly things
  A deep elf mage (D:14)
  2 cyclopes
  3 elephants
  A rust devil (Orc:2)
  4 black mambas
  2 orange demons (Orc:2)
  8 spiny frogs
  A spiny frog (shapeshifter) (D:15)
  A komodo dragon (shapeshifter) (D:15)
  2 rime drakes
  3 komodo dragons
  7 trolls
  2 tengu conjurers (D:15)
  3 polar bears
  A queen bee (D:9)
  5 tyrant leeches
  3 hornets
  A wolf spider simulacrum (D:15)
  Grinder (D:4)
  A harpy skeleton (D:12)
  4 hippogriffs
  6 blink frogs (Lair:6)
  11 dream sheep
  2 bog bodies
  A meliai zombie (D:10)
  9 slime creatures
  A shadow (Swamp:1)
  3 spriggans
  4 wyverns
  A wraith (D:9)
  A ynoxinul (Orc:2)
  4 hogs (D:14)
  14 yaks
  A vampire (D:12)
  A hungry ghost (D:12)
  3 basilisks
  A neqoxec (Orc:2)
  10 vampire mosquitoes
  3 wargs (Orc:2)
  14 swamp worms
  17 insubstantial wisps
  4 nagas (Lair:2)
  A soldier ant (D:11)
  3 acid dragons (D:14)
  13 water moccasins
  3 sky beasts
  9 porcupines
  8 swamp drakes
  4 ice beasts
  A black bear (D:6)
  A hornet zombie (D:12)
  35 orc warriors
  An eye of draining (D:10)
  An eye of draining (shapeshifter) (D:14)
  33 wolves
  21 centaurs
  3 phantoms
  7 necrophages
  14 ogres
  11 crocodiles
  A big kobold (D:9)
  19 bullfrogs
  A wyvern zombie (D:14)
  A wyvern skeleton (D:14)
  A scorpion (Lair:1)
  56 killer bees
  13 wights
  An electric eel (Lair:5)
  8 crimson imps
  2 quasits
  A bullfrog zombie (D:12)
  3 centaur skeletons
  5 centaur zombies
  5 hounds
  2 jellies
  28 orc priests
  2 bullfrog skeletons
  Crazy Yiuf (D:7)
  3 iguanas
  17 orc wizards
  10 worker ants
  2 killer bee zombies
  A worker ant zombie (D:8)
  4 gnolls (D:3)
  15 adders
  5 shadow imps
  An adder skeleton (D:9)
  6 worms
  5 dart slugs
  4 leopard geckos
  69 orcs
  3 ball pythons
  4 giant cockroaches
  6 goblins
  13 hobgoblins
  15 jackals
  5 quokkas
  A ball python skeleton (D:4)
  8 bats
  4 frilled lizards
  7 kobolds
  4 leopard gecko skeletons
  A quokka zombie (D:7)
  6 rats
  A plant (Lair:5)
760 creatures vanquished.

Vanquished Creatures (collateral kills)
  A hydra (D:15)
  2 orc high priests (Orc:2)
  A gelid demonspawn (Orc:2)
  An orc sorcerer (Orc:2)
  An elephant (Lair:2)
  2 spiny frogs
  A tyrant leech (Swamp:1)
  2 hippogriffs (Lair:2)
  A hog (shapeshifter) (D:15)
  A ynoxinul (Orc:2)
  2 vampire mosquitoes (Lair:2)
  A basilisk (Lair:2)
  A water moccasin (Lair:2)
  A wolf (Lair:2)
  A bullfrog (Lair:2)
  An orc priest (Orc:2)
  An orc (Orc:2)
  A fungus (Lair:2)
22 creatures vanquished.

Vanquished Creatures (others)
  A hydra (Swamp:1)
  A bullfrog (D:14)
  An orc (Orc:1)
  8 fungi
  6 plants
17 creatures vanquished.

Grand Total: 799 creatures vanquished

Notes
Turn   | Place    | Note
-------+----------+-------------------------------------------
     0 | D:1      | MisterFreud the Felid Berserker began the quest for the
                  | Orb.
     0 | D:1      | Reached XP level 1. HP: 10/10 MP: 2/2
   281 | D:1      | Reached XP level 2. HP: 14/14 MP: 3/3
   600 | D:1      | Reached ** piety under Trog
   875 | D:1      | Reached XP level 3. HP: 18/18 MP: 4/4
  1599 | D:2      | Reached XP level 4. HP: 5/22 MP: 5/5
  2544 | D:2      | Reached skill level 5 in Fighting
  3140 | D:3      | You fall into a shaft and drop 1 floor!
  3183 | D:5      | Entered Level 5 of the Dungeon
  3183 | D:5      | Noticed an ogre
  3198 | D:4      | Noticed an ogre
  3390 | D:3      | Reached XP level 5. HP: 23/26 MP: 3/6
  3416 | D:3      | Reached *** piety under Trog
  3453 | D:3      | Found a faded altar of an unknown god.
  3546 | D:4      | Found a shattered altar of Ashenzari.
  3555 | D:4      | Noticed Grinder
  3891 | D:4      | Killed an ogre
  3892 | D:4      | Killed Grinder
  3892 | D:4      | Reached skill level 5 in Dodging
  3892 | D:4      | Reached skill level 4 in Unarmed Combat
  3892 | D:4      | Gained mutation: You are covered in thick fur. (AC +2)
                  | [Felid growth]
  3892 | D:4      | Reached XP level 6. HP: 31/31 MP: 4/7
  4015 | D:4      | Killed from afar by an orc priest
  4016 | D:4      | Reached XP level 5. HP: -8/28 MP: 0/6
  4059 | D:4      | Reached XP level 6. HP: 15/31 MP: 2/7
  5086 | D:4      | Found Kupenaol's Distillery.
  5089 | D:4      | Bought a potion of curing for 33 gold pieces
  5089 | D:4      | Bought a potion of curing for 33 gold pieces
  5089 | D:4      | Bought a potion of invisibility for 88 gold pieces
  5089 | D:4      | Bought a potion of agility for 44 gold pieces
  5089 | D:4      | Bought a potion of agility for 44 gold pieces
  5116 | D:4      | Reached skill level 5 in Unarmed Combat
  5300 | D:5      | Found a staircase to the Ecumenical Temple.
  5403 | D:5      | Noticed a water moccasin
  5420 | D:5      | Killed a water moccasin
  5420 | D:5      | Reached XP level 7. HP: 15/35 MP: 2/8
  6018 | D:5      | Reached skill level 6 in Unarmed Combat
  6569 | D:6      | Found Renniblo's Magic Scroll Boutique.
  6572 | D:6      | Bought a scroll of teleportation for 33 gold pieces
  6572 | D:6      | Bought a scroll of fear for 38 gold pieces
  6572 | D:6      | Bought a scroll of teleportation for 33 gold pieces
  6813 | D:6      | Reached XP level 8. HP: 39/39 MP: 7/9
  6826 | D:6      | Reached skill level 10 in Dodging
  6868 | D:6      | Reached skill level 1 in Stealth
  6990 | D:6      | Noticed a troll
  7001 | D:6      | Killed a troll
  7001 | D:6      | Reached skill level 1 in Evocations
  7002 | D:6      | Reached **** piety under Trog
  7725 | D:7      | Reached XP level 9. HP: 29/42 MP: 9/12
  8340 | D:7      | Found a runed translucent door.
  8341 | D:7      | Noticed Crazy Yiuf
  8348 | D:7      | Killed Crazy Yiuf
  8431 | D:8      | Found a sparkling altar of Nemelex Xobeh.
  8431 | D:8      | Found a blossoming altar of Fedhas.
  8462 | D:8      | Reached skill level 7 in Unarmed Combat
  8600 | D:8      | Reached skill level 5 in Stealth
  8738 | D:8      | Found a radiant altar of Vehumet.
  8773 | D:8      | Found a basalt altar of Yredelemnul.
  9031 | D:8      | Reached ***** piety under Trog
  9234 | D:8      | Found a basalt altar of Yredelemnul.
  9234 | D:8      | Found a burning altar of Makhleb.
  9235 | D:8      | Found a shadowy altar of Dithmenos.
  9236 | D:8      | Found an iron altar of Okawaru.
  9363 | D:9      | Reached XP level 10. HP: 48/48 MP: 14/14
  9602 | D:9      | Reached skill level 5 in Evocations
 10376 | D:9      | Reached skill level 8 in Unarmed Combat
 10952 | D:9      | Found a staircase to the Orcish Mines.
 11110 | D:9      | Found a roughly hewn altar of Beogh.
 11955 | D:10     | Entered Level 10 of the Dungeon
 12183 | D:10     | Noticed Fannar
 12200 | D:10     | Killed Fannar
 12251 | D:10     | Found a bloodstained altar of Trog.
 12271 | D:10     | Reached XP level 11. HP: 39/52 MP: 9/16
 13135 | D:11     | Found a staircase to the Lair.
 13298 | D:11     | Reached skill level 9 in Unarmed Combat
 13453 | D:11     | Noticed a cyan ugly thing
 13459 | D:11     | Killed a cyan ugly thing
 13493 | D:11     | Found a gate leading to a gauntlet.
 13551 | Gauntlet | Entered a Gauntlet
 13551 | Gauntlet | Found a transporter.
 13551 | Gauntlet | Found a transporter.
 13558 | Gauntlet | Found a transporter.
 13573 | Gauntlet | Found a transporter.
 13593 | Gauntlet | Found a transporter.
 13601 | Gauntlet | Found a transporter.
 13603 | Gauntlet | Noticed a death yak
 13603 | Gauntlet | Noticed a death yak
 13604 | Gauntlet | Noticed a death yak
 13605 | Gauntlet | Noticed a death yak
 13606 | Gauntlet | Noticed a necromancer
 14344 | Lair:1   | Entered Level 1 of the Lair of Beasts
 14553 | Lair:1   | You fall into a shaft and drop 1 floor!
 14553 | Lair:2   | Found a staircase to the Snake Pit.
 14554 | Lair:2   | Reached skill level 10 in Stealth
 14838 | Lair:2   | Found a dark tunnel.
 14848 | Volcano  | Entered a volcano
 15275 | Lair:2   | HP: 1/81 [black mamba (13)]
 15276 | Lair:2   | Succumbed to a black mamba's poison
 15277 | Lair:2   | Reached XP level 10. HP: -2/76 MP: 1/16
 15277 | Lair:2   | Noticed a spiny frog
 15297 | Lair:2   | Reached skill level 10 in Fighting
 15316 | Lair:2   | Killed a spiny frog
 15322 | Lair:2   | Reached XP level 11. HP: 18/54 MP: 5/17
 15323 | Lair:2   | Reached skill level 10 in Unarmed Combat
 15343 | Lair:2   | Found a staircase to the Swamp.
 15538 | Lair:2   | You fall into a shaft and drop 2 floors!
 16015 | Lair:2   | Noticed a seven-headed hydra
 16019 | Lair:2   | Killed a seven-headed hydra
 16441 | Lair:3   | You fall into a shaft and drop 3 floors!
 16441 | Lair:6   | Entered Level 6 of the Lair of Beasts
 16546 | Lair:4   | Reached skill level 15 in Dodging
 17178 | Lair:5   | Reached skill level 10 in Evocations
 17178 | Lair:5   | Gained mutation: Your thick and shaggy fur keeps you warm.
                  | (AC +3, rC+) [Felid growth]
 17178 | Lair:5   | Reached XP level 12. HP: 30/58 MP: 8/20
 18415 | Lair:5   | Noticed a five-headed hydra
 18426 | Lair:5   | Killed a five-headed hydra
 18943 | Lair:5   | Found a staircase to the Slime Pits.
 19300 | Lair:6   | Noticed an eight-headed hydra
 19316 | Lair:6   | Killed an eight-headed hydra
 19480 | Lair:6   | Noticed a death yak
 19482 | Lair:6   | Noticed a death yak
 19483 | Lair:6   | Noticed a death yak
 19483 | Lair:6   | Noticed a death yak
 19497 | Lair:6   | Noticed a death yak
 19507 | Lair:5   | Killed a death yak
 20132 | Lair:6   | Killed a death yak
 20141 | Lair:6   | Killed a death yak
 20141 | Lair:6   | Reached skill level 11 in Unarmed Combat
 20152 | Lair:6   | Killed a death yak
 20163 | Lair:6   | Killed a death yak
 20163 | Lair:6   | Reached XP level 13. HP: 48/61 MP: 9/23
 20868 | D:12     | Reached skill level 12 in Unarmed Combat
 20983 | D:12     | Noticed Sonja
 20988 | D:12     | Killed Sonja
 21313 | D:12     | Reached ****** piety under Trog
 21673 | D:13     | Found a basalt altar of Yredelemnul.
 21718 | D:13     | Reached skill level 13 in Unarmed Combat
 22280 | D:14     | Found a gate to the Vaults.
 22562 | D:14     | Noticed Kirke
 22589 | D:14     | Killed Kirke
 22589 | D:14     | Reached skill level 14 in Unarmed Combat
 23231 | D:15     | Entered Level 15 of the Dungeon
 23244 | D:15     | Found a blossoming altar of Fedhas.
 23342 | D:15     | Noticed Rupert
 23355 | D:15     | Killed Rupert
 23359 | D:15     | Reached XP level 14. HP: 66/66 MP: 18/24
 23601 | Orc:1    | Entered Level 1 of the Orcish Mines
 23613 | Orc:1    | Noticed Gastronok
 23616 | Orc:1    | Noticed Erolcha
 23783 | Orc:1    | Killed Gastronok
 23783 | Orc:1    | Reached skill level 15 in Unarmed Combat
 23787 | Orc:1    | Killed Erolcha
 23964 | Orc:1    | Noticed Nergalle
 24065 | Orc:1    | Killed Nergalle
 24452 | Orc:1    | Noticed an orc warlord
 24560 | Orc:1    | Found Favaj's Antique Armour Emporium.
 24615 | Orc:1    | Killed an orc warlord
 24845 | Orc:2    | Entered Level 2 of the Orcish Mines
 24928 | Orc:2    | Found a staircase to the Elven Halls.
 24982 | Orc:2    | Found Jywk's Magic Scroll Emporium.
 25304 | Orc:2    | Found Ysih's Assorted Antiques.
 25631 | Orc:2    | Reached skill level 16 in Unarmed Combat
 25801 | Orc:2    | Found Saqotedu's Distillery.
 26113 | Orc:2    | Bought a potion of haste for 140 gold pieces
 26113 | Orc:2    | Bought a potion of invisibility for 112 gold pieces
 26113 | Orc:2    | Bought a potion of heal wounds for 70 gold pieces
 26113 | Orc:2    | Bought a potion of heal wounds for 70 gold pieces
 26113 | Orc:2    | Bought a potion of haste for 140 gold pieces
 26113 | Orc:2    | Bought a potion of haste for 140 gold pieces
 26113 | Orc:2    | Bought a potion of invisibility for 112 gold pieces
 26113 | Orc:2    | Bought a potion of heal wounds for 70 gold pieces
 26115 | Orc:2    | Bought a scroll of fog for 30 gold pieces
 26115 | Orc:2    | Bought a scroll of teleportation for 45 gold pieces
 26432 | Orc:2    | Found Zaath's Gadget Shop.
 26432 | Orc:2    | Found a one-way gate leading to the halls of Pandemonium.
 26432 | Orc:2    | Found Atzup's Antique Armour Boutique.
 26434 | Orc:2    | Bought a sack of spiders for 220 gold pieces
 26434 | Orc:2    | Bought a phantom mirror for 330 gold pieces
 26802 | D:6      | Bought 2 scrolls of fear for 77 gold pieces
 26802 | D:6      | Bought a scroll of magic mapping for 38 gold pieces
 26802 | D:6      | Bought a scroll of fear for 38 gold pieces
 26802 | D:6      | Bought a scroll of magic mapping for 38 gold pieces
 26802 | D:6      | Bought a scroll of fog for 22 gold pieces
 26802 | D:6      | Bought a scroll of fear for 38 gold pieces
 26910 | Swamp:1  | Entered Level 1 of the Swamp
 26925 | Swamp:1  | Reached skill level 17 in Unarmed Combat
 27446 | Swamp:1  | Noticed a thorn hunter
 27449 | Swamp:1  | Killed a thorn hunter
 27830 | Swamp:1  | Succumbed to poison (poison gas)
 27831 | Swamp:1  | Reached XP level 13. HP: 0/91 MP: 6/23
 27878 | Swamp:1  | Reached XP level 14. HP: 35/66 MP: 14/24
 29010 | Swamp:2  | Reached skill level 18 in Unarmed Combat
 30911 | Swamp:3  | HP: 4/99 [shambling mangrove (24)]
 30911 | Swamp:3  | Mangled by a shambling mangrove
 30912 | Swamp:3  | Reached XP level 13. HP: -8/91 MP: 0/23
 30933 | Swamp:3  | Mangled by an alligator

Levels and vault maps discovered:
D:1:      dpeg_arrival_renting, layout_loops_corners
D:2:      layout_rooms, first_ration
D:3:      layout_rooms, chequers_ecumenical_altar_simple
D:4:      layout_loops_ring, evilmike_ruin_ashenzari, serial_shops,
          kennysheep_mini, minmay_joined_circles, uniq_grinder
D:5:      layout_layer_cave, minmay_temple_entry_trees
D:6:      layout_gridville, serial_shops, kennysheep_mini_moat
D:7:      layout_cave_pools, uniq_crazy_yiuf_cottage
D:8:      layout_loops_ring, vehumet_crystals, minitemple,
          yredelemnul_altar_generic
D:9:      layout_roguey [special_room_bee], minmay_orc_entry_temple_small,
          blue_anna_alchemist [blue_anna_fruit_fields, blue_anna_fruit_fields]
D:10:     layout_grid_maze, trog_ov_bears_minmay, uniq_fannar
D:11:     layout_loops_ring, david_lair_generic, gauntlet_entry_generic,
          grunt_decor_clamped
D:12:     layout_roguey, serial_undead, serial_undead_e, serial_undead_d,
          serial_undead_f, serial_undead_f, uniq_sonja
D:13:     layout_cave_pools, basic_altar
D:14:     layout_loops_ring, david_vaults_5, hangedman_decor_clover_reticule,
          chequers_serial_rivers_micro_b, uniq_kirke
D:15:     grunt_enter_depths_hoard, layout_irregular_city, fedhas_altar_3,
          uniq_rupert
Lair:1:   layout_chaotic_city
Lair:2:   layout_roguey, minmay_swamp_entry_swarm,
          minmay_snake_entry_guardpost_medium, lightli_volcano_entry_magma_tube
Lair:3:   layout_layer_cave, minivault_23, grunt_megastairs_1
Lair:4:   layout_misc_corridors, grunt_forest_large_clearings
Lair:5:   layout_gridlike, dpeg_slime_entry_corner, zaba_anthole,
          chequers_serial_rivers_micro_a, grunt_forest_small_clearing_treed,
          minmay_lair_oklob_chamber, serial_bayou_shore_b
Lair:6:   due_jungle_book, layout_regular_city, pond,
          infiniplex_staircase_pool_2
Swamp:1:  layout_falls_marsh, portal_ice_cave_entry_pillars_three,
          nicolae_swamp_very_dense_foliage, swamp_pool5, roderic_carrion_pond
Swamp:2:  layout_basic_swamp, serial_swamp_ruin, evilmike_swamp_ruin_house_3,
          hangedman_swamp_ruin_wall
Swamp:3:  layout_basic_swamp, evilmike_swamp_ruin_house_2,
          infiniplex_staircase_pool
Orc:1:    layout_caves, serial_shops, shop, uniq_gastronok, uniq_nergalle,
          uniq_erolcha
Orc:2:    pf_orc_diabolical, layout_diamond_mine, serial_shops, shop

Skill      XL: |  1  2  3  4  5  6  7  8  9 10 11 12 13 14 |
---------------+-------------------------------------------+-----
Fighting       | 4 5 6 7 10 9 | 10.0
Dodging        | 5 7 9 10 11 12 15 16 | 16.0
Unarmed Combat | 4 5 6 7 8 10 11 14 18 | 18.5
Stealth        | 3 6 8 10 | 10.0
Evocations     | 2 4 7 10 12 | 12.0

Action                   |  1- 3 |  4- 6 |  7- 9 | 10-12 | 13-15 || total
-------------------------+-------+-------+-------+-------+-------++-------
Melee: Unarmed           |   120 |   266 |   368 |  1147 |  1156 ||  3057
       Bite              |    10 |    26 |    31 |   141 |   160 ||   368
       Punch             |     1 |     3 |    14 |    58 |   100 ||   176
Invok: Berserk           |       |     4 |     8 |    15 |    26 ||    53
       Trog's Hand       |       |     3 |     4 |    17 |     8 ||    32
       Brothers in Arms  |       |       |       |     2 |     5 ||     7
Evoke: Wand              |       |     1 |       |     2 |     3 ||     6
       Lightning rod     |       |       |       |     4 |       ||     4
  Use: Potion            |       |     1 |       |     1 |     3 ||     5
       Scroll            |       |     1 |    12 |    13 |     5 ||    31
 Stab: Sleeping          |     4 |     1 |     7 |    39 |    31 ||    82
       Distracted        |       |       |     1 |     4 |     7 ||    12
       Confused          |       |       |       |       |     3 ||     3
       Paralysed         |       |       |       |       |     1 ||     1
  Eat: Chunk             |     7 |    16 |    17 |    47 |    55 ||   142
Armor: Skin              |     5 |     8 |    12 |    20 |    14 ||    59
Dodge: Dodged            |   105 |   204 |   372 |  1308 |  1066 ||  3055

Table legend:
 A = Non-vault XP
 B = Vault XP
 C = Vault XP percentage of total XP
 D = Non-vault monster count
 E = Vault monster count
 F = Vault count percentage of total count
                 A         B        C        D         E       F
            +---------+---------+-------+---------+---------+-------
      Total |   93174 |   37445 |  28.7 |     595 |     186 |  23.8
            +---------+---------+-------+---------+---------+-------
        D:1 |      55 |       0 |   0.0 |      29 |       0 |   0.0
        D:2 |     126 |       0 |   0.0 |      31 |       0 |   0.0
        D:3 |     136 |       0 |   0.0 |      27 |       0 |   0.0
        D:4 |     383 |     297 |  43.7 |      13 |       5 |  27.8
        D:5 |     626 |       0 |   0.0 |      12 |       0 |   0.0
        D:6 |    1086 |       0 |   0.0 |      20 |       0 |   0.0
        D:7 |    1055 |      39 |   3.6 |      22 |       1 |   4.3
        D:8 |    2017 |       0 |   0.0 |      36 |       0 |   0.0
        D:9 |    1548 |    2263 |  59.4 |      25 |      37 |  59.7
       D:10 |    1280 |    1802 |  58.5 |      19 |       4 |  17.4
       D:11 |    1816 |     893 |  33.0 |      15 |       3 |  16.7
       D:12 |    4390 |    1715 |  28.1 |      28 |       8 |  22.2
       D:13 |    3094 |       0 |   0.0 |      11 |       0 |   0.0
       D:14 |    7583 |    3943 |  34.2 |      31 |       6 |  16.2
       D:15 |    3312 |    2188 |  39.8 |      14 |       1 |   6.7
     Lair:1 |     804 |       0 |   0.0 |       5 |       0 |   0.0
     Lair:2 |    6382 |     869 |  12.0 |      28 |       6 |  17.6
     Lair:3 |     151 |     523 |  77.6 |       1 |       2 |  66.7
     Lair:4 |    4549 |    3035 |  40.0 |      22 |      25 |  53.2
     Lair:5 |    5887 |     169 |   2.8 |      23 |       5 |  17.9
     Lair:6 |   10880 |     914 |   7.7 |      31 |       8 |  20.5
    Swamp:1 |   16425 |    1157 |   6.6 |      36 |       9 |  20.0
    Swamp:2 |    9635 |       0 |   0.0 |      40 |       0 |   0.0
    Swamp:3 |    1403 |       0 |   0.0 |       3 |       0 |   0.0
      Orc:1 |    4835 |    4074 |  45.7 |      43 |       3 |   6.5
      Orc:2 |    3716 |   13564 |  78.5 |      30 |      63 |  67.7
            +---------+---------+-------+---------+---------+-------
